| TOP OF THE 1ST |
|
Lowell Spinners batting - Pitching for Connecticut Tigers : RHP Andy Strange
|
|
Pitching: RHP Andy Strange
|
|
|
Batting: LHB Sergio Tinoco
|
0-0: Ball 1-0: Ball 2-0: Ground out 4-3 (Groundball, 4, EV 100.0 MPH)
|
|
Batting: RHB Sal Rivera
|
0-0: Ball 1-0: Called Strike 1-1: Ball 2-1: Fly out, F6 (Popup, 6S, EV 68.1 MPH)
|
|
Batting: LHB Frank Olivo
|
0-0: Swinging Strike 0-1: Ball 1-1: Ball 2-1: Ball 3-1: SINGLE (Line Drive, 89S, EV 108.1 MPH)
|
|
Batting: RHB Alex Cardenas
|
0-0: Foul Ball, location: 2F 0-1: Called Strike 0-2: Ball Balk! Frank Olivo to second 1-2: Fly out, F8 (Flyball, 8RXD, EV 105.0 MPH)
|
| Top of the 1st over - 0 runs, 1 hit, 0 errors, 1 left on base; Lowell 0 - Connecticut 0 |
| BOTTOM OF THE 1ST |
|
Connecticut Tigers batting - Pitching for Lowell Spinners : RHP Javier Trujillo
|
|
Pitching: RHP Javier Trujillo
|
|
|
Batting: RHB Emil Wilbrink
|
0-0: Ball 1-0: Ball 2-0: DOUBLE (Flyball, 78XD, EV 103.1 MPH)
|
|
Batting: LHB Bobby Adams
|
0-0: Foul Ball, location: 2F 0-1: Ball 1-1: Ball Wild Pitch! Emil Wilbrink to third 2-1: Ball 3-1: Base on Balls
|
|
Batting: LHB Claudio Kamminga
|
0-0: Called Strike 0-1: Called Strike Bobby Adams steals 2nd base 0-2: Ball 1-2: Ball 2-2: Ground out 4-3 (Groundball, 4M, EV 81.9 MPH) Emil Wilbrink scores Bobby Adams to third
|
|
Batting: LHB Andy Sanchez
|
0-0: Ball 1-0: Ball 2-0: Called Strike 2-1: Foul Ball, location: 2F 2-2: Ground out U3 (Groundball, 3L, EV 88.1 MPH)
|
|
Batting: SHB Ryan Clark
|
0-0: Called Strike 0-1: Swinging Strike 0-2: Ball 1-2: Ball 2-2: Foul Ball, location: 2F 2-2: Ball 3-2: Strikes out swinging
|
| Bottom of the 1st over - 1 run, 1 hit, 0 errors, 1 left on base; Lowell 0 - Connecticut 1 |
| TOP OF THE 2ND |
|
Lowell Spinners batting - Pitching for Connecticut Tigers : RHP Andy Strange
|
|
Batting: RHB Paul Long
|
0-0: Fly out, F8 (Line Drive, 8RD, EV 95.6 MPH)
|
|
Batting: RHB Travis Campbell
|
0-0: Called Strike 0-1: Ball 1-1: Ball 2-1: Foul Ball, location: 2F 2-2: Ground out U3 (Groundball, 34, EV 104.4 MPH)
|
|
Batting: RHB Joe Sandoval
|
0-0: Ball 1-0: Foul Ball, location: 2F 1-1: Ball 2-1: Ball 3-1: Foul Ball, location: 2F 3-2: Base on Balls
|
|
Batting: RHB Jose Molina
|
0-0: Fly out, F8 (Flyball, 89M, EV 92.5 MPH)
|
| Top of the 2nd over - 0 runs, 0 hits, 0 errors, 1 left on base; Lowell 0 - Connecticut 1 |
| BOTTOM OF THE 2ND |
|
Connecticut Tigers batting - Pitching for Lowell Spinners : RHP Javier Trujillo
|
|
Batting: LHB Jon Pedlar
|
0-0: Ball 1-0: Called Strike 1-1: Foul Ball, location: 2F 1-2: Ball 2-2: Foul Ball, location: 2F 2-2: Foul Ball, location: 2F 2-2: Foul Ball, location: 2F 2-2: Fly out, F9 (Flyball, 89D, EV 86.9 MPH)
|
|
Batting: RHB Jeremiah Washington
|
0-0: Swinging Strike 0-1: Foul Ball, location: 2F 0-2: Ball 1-2: Fly out, F8 (Flyball, 8RM, EV 89.4 MPH)
|
|
Batting: RHB Tony Murray
|
0-0: Ground out 5-3 (Groundball, 56, EV 88.1 MPH)
|
| Bottom of the 2nd over - 0 runs, 0 hits, 0 errors, 0 left on base; Lowell 0 - Connecticut 1 |
| TOP OF THE 3RD |
|
Lowell Spinners batting - Pitching for Connecticut Tigers : RHP Andy Strange
|
|
Batting: RHB Dominique Paolozzi
|
0-0: Ball 1-0: Ball 2-0: Ball 3-0: Base on Balls
|
|
Batting: LHB Sergio Tinoco
|
0-0: Ball 1-0: Ball 2-0: Foul Ball, location: 2F 2-1: Foul Ball, location: 2F 2-2: Fly out, F8 (Flyball, 89S, EV 84.4 MPH)
|
|
Batting: RHB Sal Rivera
|
0-0: Hit by Pitch Dominique Paolozzi to second
|
|
Batting: LHB Frank Olivo
|
0-0: Called Strike 0-1: Fielders Choice at 2nd, 4-6 (Groundball, 4, EV 82.5 MPH) Dominique Paolozzi to third
|
|
Batting: RHB Alex Cardenas
|
0-0: Fielders Choice at 2nd, 5-4 (Groundball, 56, EV 90.6 MPH)
|
| Top of the 3rd over - 0 runs, 0 hits, 0 errors, 2 left on base; Lowell 0 - Connecticut 1 |
| BOTTOM OF THE 3RD |
|
Connecticut Tigers batting - Pitching for Lowell Spinners : RHP Javier Trujillo
|
|
Batting: RHB Omar del Pino
|
0-0: Foul Ball, location: 2F 0-1: Swinging Strike 0-2: Ball 1-2: Ball 2-2: Strikes out swinging
|
|
Batting: RHB Emil Wilbrink
|
0-0: Ball 1-0: Called Strike 1-1: Ball 2-1: Called Strike 2-2: Foul Ball, location: 2F 2-2: Foul Ball, location: 2F 2-2: Fly out, F9 (Flyball, 9, EV 93.8 MPH)
|
|
Batting: LHB Bobby Adams
|
0-0: Foul Ball, location: 2F 0-1: Called Strike 0-2: Ground out 6-3 (Groundball, 6, EV 113.1 MPH)
|
| Bottom of the 3rd over - 0 runs, 0 hits, 0 errors, 0 left on base; Lowell 0 - Connecticut 1 |
| TOP OF THE 4TH |
|
Lowell Spinners batting - Pitching for Connecticut Tigers : RHP Andy Strange
|
|
Batting: RHB Paul Long
|
0-0: Called Strike 0-1: Foul Ball, location: 2F 0-2: Ball 1-2: Ground out 6-3 (Groundball, 6, EV 85.6 MPH)
|
|
Batting: RHB Travis Campbell
|
0-0: Called Strike 0-1: Ball 1-1: Ball 2-1: Foul Ball, location: 2F 2-2: Strikes out swinging
|
|
Batting: RHB Joe Sandoval
|
0-0: Ball 1-0: Foul Ball, location: 2F 1-1: Ground out 4-3 (Groundball, 4S, EV 71.2 MPH)
|
| Top of the 4th over - 0 runs, 0 hits, 0 errors, 0 left on base; Lowell 0 - Connecticut 1 |
| BOTTOM OF THE 4TH |
|
Connecticut Tigers batting - Pitching for Lowell Spinners : RHP Javier Trujillo
|
|
Batting: LHB Claudio Kamminga
|
0-0: Foul Ball, location: 2F 0-1: Ball 1-1: Called Strike 1-2: Strikes out swinging
|
|
Batting: LHB Andy Sanchez
|
0-0: DOUBLE (Line Drive, 7LS, EV 101.2 MPH)
|
|
Batting: SHB Ryan Clark
|
0-0: Foul Ball, location: 2F 0-1: Ball 1-1: Ground out 4-3 (Groundball, 4, EV 110.6 MPH) Andy Sanchez to third
|
|
Batting: LHB Jon Pedlar
|
0-0: Swinging Strike 0-1: Fly out, F8 (Flyball, 8RD, EV 91.9 MPH)
|
| Bottom of the 4th over - 0 runs, 1 hit, 0 errors, 1 left on base; Lowell 0 - Connecticut 1 |
| TOP OF THE 5TH |
|
Lowell Spinners batting - Pitching for Connecticut Tigers : RHP Andy Strange
|
|
Batting: RHB Jose Molina
|
0-0: Ball 1-0: Ground out 6-3 (Groundball, 6, EV 110.6 MPH)
|
|
Batting: RHB Dominique Paolozzi
|
0-0: Ball 1-0: Ball 2-0: Ball 3-0: Base on Balls
|
|
Batting: LHB Sergio Tinoco
|
0-0: Fly out, F8 (Flyball, 8RS, EV 91.9 MPH)
|
|
Batting: RHB Sal Rivera
|
0-0: Swinging Strike 0-1: Ball 1-1: Swinging Strike 1-2: Strikes out looking
|
| Top of the 5th over - 0 runs, 0 hits, 0 errors, 1 left on base; Lowell 0 - Connecticut 1 |
| BOTTOM OF THE 5TH |
|
Connecticut Tigers batting - Pitching for Lowell Spinners : RHP Javier Trujillo
|
|
Batting: RHB Jeremiah Washington
|
0-0: Called Strike 0-1: Ball 1-1: Ball 2-1: Ball 3-1: DOUBLE (Groundball, 5L, EV 101.2 MPH)
|
|
Batting: RHB Tony Murray
|
0-0: Called Strike 0-1: Ball 1-1: Called Strike 1-2: DOUBLE (Line Drive, 89XD, EV 105.6 MPH) Jeremiah Washington scores
|
|
Batting: RHB Omar del Pino
|
0-0: Foul Ball, location: 2F 0-1: Ball 1-1: Fly out, F7 (Flyball, 78D, EV 94.4 MPH)
|
|
Batting: RHB Emil Wilbrink
|
0-0: Foul Ball, location: 2F 0-1: Foul Ball, location: 2F 0-2: Ball 1-2: Foul Ball, location: 2F 1-2: Foul Ball, location: 2F 1-2: Ball 2-2: Ball 3-2: Strikes out looking
|
|
Batting: LHB Bobby Adams
|
0-0: Ball 1-0: Ball 2-0: Ball 3-0: Called Strike 3-1: Fly out, F7 (Line Drive, 7, EV 95.0 MPH)
|
| Bottom of the 5th over - 1 run, 2 hits, 0 errors, 1 left on base; Lowell 0 - Connecticut 2 |
| TOP OF THE 6TH |
|
Lowell Spinners batting - Pitching for Connecticut Tigers : RHP Andy Strange
|
|
Batting: LHB Frank Olivo
|
0-0: Swinging Strike 0-1: Foul Ball, location: 2F 0-2: Ground out U3 (Groundball, 3L, EV 88.8 MPH)
|
|
Batting: RHB Alex Cardenas
|
0-0: Ball 1-0: Foul Ball, location: 2F 1-1: Called Strike 1-2: Foul Ball, location: 2F 1-2: Strikes out swinging
|
|
Batting: RHB Paul Long
|
0-0: Ball 1-0: Ball 2-0: Called Strike 2-1: Called Strike 2-2: SINGLE (Line Drive, 3D, EV 95.6 MPH)
|
|
Batting: RHB Travis Campbell
|
0-0: Ball 1-0: Foul Ball, location: 2F 1-1: Called Strike 1-2: SINGLE (Line Drive, 89S, EV 90.0 MPH) Paul Long to second Runner from 2nd tries for 3rd, OUT! 9-5
|
| Top of the 6th over - 0 runs, 2 hits, 0 errors, 1 left on base; Lowell 0 - Connecticut 2 |
| BOTTOM OF THE 6TH |
|
Connecticut Tigers batting - Pitching for Lowell Spinners : RHP Javier Trujillo
|
|
Batting: LHB Claudio Kamminga
|
0-0: Ball 1-0: Ball 2-0: Swinging Strike 2-1: Swinging Strike 2-2: Strikes out swinging
|
|
Batting: LHB Andy Sanchez
|
0-0: Ball 1-0: Ball 2-0: Ball 3-0: Called Strike 3-1: Foul Ball, location: 2F 3-2: Base on Balls
|
|
Batting: SHB Ryan Clark
|
0-0: Ball 1-0: Ball 2-0: Foul Ball, location: 2F 2-1: Foul Ball, location: 2F 2-2: Grounds out, U3 (Groundball, 3L, EV 97.5 MPH)
|
|
Pitching: LHP Chris Woodruff
|
|
|
Batting: LHB Jon Pedlar
|
0-0: Foul Ball, location: 2F 0-1: Ball 1-1: Swinging Strike 1-2: Foul Ball, location: 2F 1-2: Strikes out swinging
|
| Bottom of the 6th over - 0 runs, 0 hits, 0 errors, 1 left on base; Lowell 0 - Connecticut 2 |
| TOP OF THE 7TH |
|
Lowell Spinners batting - Pitching for Connecticut Tigers : RHP Andy Strange
|
|
Now at 1B: Bobby Adams
|
|
|
Now at 3B: Orlando Blanco
|
|
|
Now at SS: Duri Chilemba
|
|
|
Batting: RHB Joe Sandoval
|
0-0: Ball 1-0: Ground out 6-3 (Groundball, 6, EV 89.4 MPH)
|
|
Batting: RHB Jose Molina
|
0-0: Ball 1-0: Ball 2-0: Ball 3-0: Base on Balls
|
|
Pitching: RHP Scott King
|
|
|
Batting: RHB Dominique Paolozzi
|
0-0: 2-RUN HOME RUN (Flyball, 7LD, EV 95.0 MPH), Distance : 345 ft
|
|
Batting: LHB Sergio Tinoco
|
0-0: Called Strike 0-1: Swinging Strike 0-2: Ball 1-2: Foul Ball, location: 2F 1-2: Strikes out looking
|
|
Batting: RHB Sal Rivera
|
0-0: Ball 1-0: Ball 2-0: Foul Ball, location: 2F 2-1: Foul Ball, location: 2F 2-2: SINGLE (Groundball, 6MD, EV 90.0 MPH) (infield hit)
|
|
Batting: LHB Frank Olivo
|
0-0: Called Strike 0-1: SINGLE (Groundball, 6MD, EV 102.5 MPH) Sal Rivera to second Runner from 2nd tries for 3rd, SAFE, throw by CF made to third
|
|
Batting: RHB Alex Cardenas
|
0-0: Ball Wild Pitch! Sal Rivera scores Frank Olivo to second 1-0: Swinging Strike 1-1: Ball 2-1: Foul Ball, location: 2F 2-2: Foul Ball, location: 2F 2-2: 2-RUN HOME RUN (Flyball, 7D, EV 103.1 MPH), Distance : 400 ft
|
|
Pitching: RHP Ruud Reintjens
|
|
|
Batting: RHB Paul Long
|
0-0: Swinging Strike 0-1: Foul Ball, location: 2F 0-2: Foul Ball, location: 2F 0-2: Strikes out swinging
|
| Top of the 7th over - 5 runs, 4 hits, 0 errors, 0 left on base; Lowell 5 - Connecticut 2 |
| BOTTOM OF THE 7TH |
|
Connecticut Tigers batting - Pitching for Lowell Spinners : LHP Chris Woodruff
|
|
Batting: RHB Jeremiah Washington
|
0-0: Called Strike 0-1: Ball 1-1: Ball 2-1: Ball 3-1: Foul Ball, location: 2F 3-2: Base on Balls
|
|
Batting: RHB Tony Murray
|
0-0: Ball 1-0: Ball 2-0: Called Strike 2-1: Foul Ball, location: 2F 2-2: Fly out, F8 (Flyball, 89S, EV 81.9 MPH)
|
|
Batting: RHB Omar del Pino
|
0-0: Called Strike 0-1: Called Strike 0-2: Strikes out swinging
|
|
Batting: RHB Emil Wilbrink
|
0-0: Ball 1-0: Called Strike 1-1: Foul Ball, location: 2F 1-2: Ball 2-2: Foul Ball, location: 2F 2-2: Fly out, F9 (Flyball, 89M, EV 85.6 MPH)
|
| Bottom of the 7th over - 0 runs, 0 hits, 0 errors, 1 left on base; Lowell 5 - Connecticut 2 |
| TOP OF THE 8TH |
|
Lowell Spinners batting - Pitching for Connecticut Tigers : RHP Ruud Reintjens
|
|
Batting: RHB Travis Campbell
|
0-0: Ball 1-0: Ball 2-0: Foul Ball, location: 2F 2-1: Ball 3-1: Base on Balls
|
|
Batting: RHB Joe Sandoval
|
0-0: Ball 1-0: Swinging Strike 1-1: Ball 2-1: Ball 3-1: Base on Balls Travis Campbell to second
|
|
Batting: RHB Jose Molina
|
0-0: Ball 1-0: Ball 2-0: Ball 3-0: Base on Balls Travis Campbell to third Joe Sandoval to second
|
|
Batting: RHB Dominique Paolozzi
|
0-0: Swinging Strike 0-1: Swinging Strike 0-2: Strikes out swinging
|
|
Batting: LHB Sergio Tinoco
|
0-0: Called Strike 0-1: Ball 1-1: Foul Ball, location: 2F 1-2: Grounds into fielders choice 1-2 (Groundball, 13S, EV 64.4 MPH) Joe Sandoval to third Jose Molina to second
|
|
Batting: RHB Sal Rivera
|
0-0: Ball 1-0: Foul Ball, location: 2F 1-1: Ball 2-1: Fly out, F9 (Flyball, 9D, EV 96.2 MPH)
|
| Top of the 8th over - 0 runs, 0 hits, 0 errors, 3 left on base; Lowell 5 - Connecticut 2 |
| BOTTOM OF THE 8TH |
|
Connecticut Tigers batting - Pitching for Lowell Spinners : LHP Chris Woodruff
|
|
Pitching: LHP Neil Palazzo
|
|
|
Pinch Hitting: RHB Jayden Copeland
|
0-0: Swinging Strike 0-1: Swinging Strike 0-2: Ball 1-2: Ball 2-2: Ball 3-2: Strikes out swinging
|
|
Batting: RHB Orlando Blanco
|
0-0: Ball 1-0: Ball 2-0: Ball 3-0: Called Strike 3-1: Called Strike 3-2: Foul Ball, location: 2F 3-2: Strikes out swinging
|
|
Batting: LHB Andy Sanchez
|
0-0: Foul Ball, location: 2F 0-1: Ball 1-1: Foul Ball, location: 2F 1-2: Strikes out swinging
|
| Bottom of the 8th over - 0 runs, 0 hits, 0 errors, 0 left on base; Lowell 5 - Connecticut 2 |
| TOP OF THE 9TH |
|
Lowell Spinners batting - Pitching for Connecticut Tigers : RHP Ruud Reintjens
|
|
Pitching: RHP Kyle Moore
|
|
|
Now at 1B: Jayden Copeland
|
|
|
Batting: LHB Frank Olivo
|
0-0: Swinging Strike 0-1: Swinging Strike 0-2: Ball 1-2: Strikes out swinging
|
|
Batting: RHB Alex Cardenas
|
0-0: Ball 1-0: Ball 2-0: Called Strike 2-1: DOUBLE (Flyball, 8RXD, EV 103.8 MPH)
|
|
Batting: RHB Paul Long
|
0-0: Ball 1-0: Ground out 3-1 (Groundball, 34S, EV 86.9 MPH) Alex Cardenas to third
|
|
Batting: RHB Travis Campbell
|
0-0: Called Strike 0-1: SINGLE (Groundball, 6MD, EV 105.6 MPH) Alex Cardenas scores
|
|
Batting: RHB Joe Sandoval
|
0-0: Called Strike 0-1: Ball 1-1: Foul Ball, location: 2F 1-2: Foul Ball, location: 2F 1-2: Ball Travis Campbell steals 2nd base 2-2: Ground out 4-3 (Groundball, 4, EV 105.6 MPH)
|
| Top of the 9th over - 1 run, 2 hits, 0 errors, 1 left on base; Lowell 6 - Connecticut 2 |
| BOTTOM OF THE 9TH |
|
Connecticut Tigers batting - Pitching for Lowell Spinners : LHP Neil Palazzo
|
|
Pitching: RHP Victor Fuentes
|
|
|
Batting: SHB Duri Chilemba
|
0-0: Swinging Strike 0-1: Ball 1-1: Swinging Strike 1-2: Foul Ball, location: 2F 1-2: Ground out U3 (Groundball, 3, EV 101.9 MPH)
|
|
Batting: LHB Jon Pedlar
|
0-0: Foul Ball, location: 2F 0-1: Ball 1-1: Ball 2-1: Ball 3-1: Foul Ball, location: 2F 3-2: Fly out, F8 (Flyball, 8LXD, EV 100.0 MPH)
|
|
Batting: RHB Jeremiah Washington
|
0-0: SINGLE (Groundball, 56D, EV 109.4 MPH)
|
|
Batting: RHB Tony Murray
|
0-0: Ball 1-0: Ball 2-0: Hit by Pitch Jeremiah Washington to second
|
|
Batting: RHB Omar del Pino
|
0-0: Ground out 1-3 (Groundball, 13, EV 67.5 MPH)
|
| Bottom of the 9th over - 0 runs, 1 hit, 0 errors, 2 left on base; Lowell 6 - Connecticut 2 |
|